Map: Acropolis LE

Players

Smeeeger

  • Race: Zerg Zerg
  • League: Platinum
  • Spawn Location: 11:00

Makanoft - Winner!

  • Race: Zerg Zerg
  • League: Platinum
  • Spawn Location: 5:00

VOD

Have the link to the VOD?

Description

Time

  • Played on: July 14, 2019, 12:13 p.m.
  • Length: 3:55
Show
View Real Time Build Order
Export as new Build Order

Smeeeger Zerg 

Build Orders: Hatch First 

Get SALT Encoding   

  12  0:02  Drone  
  13  0:15  Overlord  
  13  0:17  Drone  
  14  0:33  Drone x2  
  16  0:39  Drone  
  17  0:48  Drone  
  18  0:58  Hatchery  
  17  1:09  Spawning Pool  
  16  1:12  Drone  
  17  1:20  Drone x2  
  19  1:26  Extractor  
  19  1:31  Drone  
  19  1:48  Overlord  
  19  1:55  Queen  
  19  1:58  Zergling x2  
  22  2:07  Zergling x2  
  23  2:10  Queen  
  23  2:13  Zergling x2  
  26  2:18  Drone  
  27  2:35  Drone x3  
  30  2:42  Drone  
  31  2:46  Queen  
  33  2:58  Drone x3  
  36  3:01  Hatchery  
  36  3:03  Overlord  
  35  3:13  Drone  
  35  3:14  Overlord  
  35  3:17  Overlord  
  36  3:26  Zergling x2  
  38  3:27  Zergling x2  
  38  3:30  Drone x2  
  40  3:39  Drone x4  
Show
View Real Time Build Order
Export as new Build Order

Makanoft Zerg - Winner!

Build Orders: Hatch First 

Get SALT Encoding   

  12  0:03  Drone  
  13  0:13  Overlord  
  13  0:20  Drone  
  14  0:37  Drone x3  
  17  0:58  Drone  
  17  1:03  Drone  
  17  1:04  Hatchery  
  18  1:19  Drone, Spawning Pool  
  18  1:29  Drone  
  19  1:32  Extractor  
  18  1:47  Drone x2  
  18  1:53  Overlord  
  20  2:06  Zergling x2  
  21  2:10  Spine Crawler, Queen  
  21  2:15  Zergling x2  
  23  2:20  Zergling x2  
  24  2:26  Drone  
  24  2:28  Queen, Zergling x2  
  28  2:40  Zergling x4  
  30  2:47  Zergling x2  
  31  2:52  Zergling x2  
  32  2:59  Zergling x4  
  34  3:15  Drone x2  
  36  3:22  Overlord x2  
Tags
 
Add a new tag
Caveats
  • Supply blocks, unpowered buildings, or Contaminate may cause inaccurate times.
  • Supply counts are checked every 10 seconds.